AoeStats
← Whitebear

Nomad

510740499Analyzed
2v2 RM · 23h ago on Oct 2, 2026· 47m 3s· 4 players
Game mode
Random Map
Map size
176×176
Population
200
Speed
Normal
Resources
Standard
Victory
Conquest
Starting age
Dark Age
Ending age
Imperial Age
RankedLock teamsTeams togetherTeam positionsShared explorationLock speedFull tech treeHidden civsTurbo modeCheats
Victory
Defeat
🇺🇸 Huns · United States
1435
+16
🇨🇦 Saxons · Canada
1364
+19
🇨🇳 Huns · China
1447
-18
🇳🇿 Khmer · New Zealand
1414
-17
228811348
7:54 Loom
15:56 Feudal Age
17:54 Double-Bit Axe
20:55 Castle Age
19:02 Gold Mining
19:35 Fletching
20:03 Padded Archer Armor
21:01 Fishing Lines
23:37 Bodkin Arrow
26:10 Ballistics
IsBliss
5:18 Loom
12:21 Feudal Age
16:21 Castle Age
25:17 Husbandry
27:45 Fletching
29:32 Scale Barding Armor
32:35 Medium Warships
34:22 Town Watch
37:00 Wheelbarrow
42:45 Imperial Age
40:46 Herbal Medicine
Whitebear
4:24 Loom
12:59 Feudal Age
13:46 Double-Bit Axe
14:13 Fishing Lines
15:47 Town Watch
21:12 Castle Age
19:05 Horse Collar
19:49 Stone Mining
20:12 Gold Mining
20:19 Fletching
21:14 Crossbowman
21:52 Bodkin Arrow
21:55 Gillnets
22:35 Bow Saw
22:53 Padded Archer Armor
23:43 Gold Shaft Mining
24:11 Leather Archer Armor
24:20 Thumb Ring
27:08 Wheelbarrow
27:15 Scale Mail Armor
27:19 Squires
27:05 Arson
27:05 Gambesons
28:20 Forging
28:46 Hand Cart
29:48 Chain Mail Armor
31:13 Iron Casting
32:37 Town Patrol
32:03 Pikeman
33:16 Heavy Plow
37:18 Imperial Age
37:06 Guard Tower
37:37 Ballistics
37:27 Masonry
37:13 Murder Holes
38:11 Bracer
37:34 Arbalester
39:18 Chemistry
38:17 Murder Holes
38:03 Treadmill Crane
38:33 Masonry
40:15 Keep
40:55 Conscription
41:07 Plate Mail Armor
39:59 Halberdier
40:08 Elite Hearth Troop
43:04 Fortified Wall
43:44 Ring Archer Armor
43:21 Capped Ram
45:17 Siege Ram
46:55 Architecture
46:32 Siege Engineers
Handsome Prince
4:29 Loom
14:08 Feudal Age
15:10 Fishing Lines
18:52 Castle Age
17:24 Forging
20:33 Double-Bit Axe
21:49 Gillnets
26:17 Wheelbarrow
25:28 Town Watch
28:39 Fletching
29:37 Bloodlines
34:38 Bow Saw
34:51 Horse Collar
36:26 Heavy Plow
38:44 Marauders
43:28 Imperial Age
41:06 Scale Barding Armor
42:14 Gold Mining
42:15 Stone Mining
44:29 Chain Barding Armor
44:45 Iron Casting
43:32 Elite Tarkan
46:17 Husbandry
47:35 Gold Shaft Mining
Connection lost

Rejoining the realm…

Still unreachable

The connection could not be restored.

Session expired

The server has moved on; the page needs a fresh start.